 Dungeon Crawl Stone Soup version 0.31-a0-236-g9a0961fb85 (webtiles) character file.

Game seed: 1986896629065828896

11 Shard1697 the Chopper (level 2, 0/26 HPs)
             Began as a Meteoran Berserker on July 10, 2023.
             Was a Follower of Trog.
             Slain by a quokka (4 damage)
             ... on level 1 of the Dungeon.
             The game lasted 00:00:26 (105 turns).

Shard1697 the Chopper (Meteoran Berserker)           Turns: 105, Time: 00:00:26

Health: 0/26       AC:  2    Str: 18    XL:     2   Next: 52%
Magic:  3/3        EV: 12    Int:  8    God:    Trog [*.....]
Gold:   0          SH:  0    Dex: 13    Spells: 1/1 levels left

rFire   . . .        a - +0 hand axe
rCold   . . .        (no shield)
rNeg    . . .        b - +0 animal skin
rPois   .            (no helmet)
rElec   .            (no cloak)
rCorr   .            (no gloves)
SInv    .            (no boots)
Will    .....        (no amulet)
Stlth   +            (no ring)
HPRegen 0.24/turn    (no ring)
MPRegen 0.08/turn

%: no passive effects
@: glowing
A: sense surroundings 1, otherworldly, glowing, explore regen
a: Renounce Religion, Berserk


You were on level 1 of the Dungeon.
You worshipped Trog.
Trog was aware of your devotion.
You visited 1 branch of the dungeon, and saw 1 of its levels.

Inventory:

Hand Weapons
 a - a +0 hand axe (weapon)
Armour
 b - a +0 animal skin (worn)
Scrolls
 d - a scroll of teleportation {unknown}
Potions
 c - a potion of cancellation {unknown}


   Skills:
 - Level 3.2 Fighting
 + Level 4.4 Axes
 - Level 2.4 Armour
 - Level 2.4 Dodging


You had one spell level left.
You didn't know any spells.
Your spell library was empty.

Dungeon Overview and Level Annotations

Branches:
Dungeon (1/15) Zot: 488

Altars:


Innate Abilities, Weirdness & Mutations

You passively map a small area around you.
You are easily found by Zot.
You glow in the dark.
You regain HP and MP as you explore.


Message History

The kobold is moderately wounded.
The kobold hits you with a +0 short sword.
* * * LOW HITPOINT WARNING * * *
You closely miss the kobold.
The kobold is moderately wounded.
The kobold barely misses you.
You hit the kobold but do no damage.
The kobold is moderately wounded.
The kobold misses you.
You slash the kobold!
You kill the kobold!
Trog accepts your kill.
Items here: ( ))) †††.
Things that are here:
a +0 dagger; a stone; a kobold corpse A quokka comes into view.
You see here a scroll labelled SUUPHOFEE.
d - a scroll labelled SUUPHOFEE The quokka bites you.
* * * LOW HITPOINT WARNING * * *
You barely miss the quokka. The quokka barely misses you.
You barely miss the quokka. The quokka barely misses you.
You closely miss the quokka. The quokka closely misses you.
The quokka bites you.
* * * LOW HITPOINT WARNING * * *
You closely miss the quokka. The quokka closely misses you.
You hit the quokka but do no damage. The quokka bites you.
* * * LOW HITPOINT WARNING * * *
You closely miss the quokka. The quokka misses you.
The quokka barely misses you.
You hit the quokka.
The quokka is severely wounded.
The quokka barely misses you.
You barely miss the quokka.
The quokka is severely wounded.
The quokka barely misses you.
You barely miss the quokka.
The quokka is severely wounded.
The quokka bites you.
You die...

.#.# .#.# # .#.# #. .#.#
#.##### .#.# #.....## *
* * .#†# ##......#
.#.#######.......# * *
#......##..##...###.#.#
##.###.##......@r......
,
#.##..##.............#,
..##...).)............ ,
* *
.#.##.###†.......##....
,*
#...........##..........
,* #
#..............###.,.. *
####...........# * . .
** *#...#....##.# , ,*
..........# .#*


You could see a quokka.

Vanquished Creatures
  A ball python (D:1)
  A bat (D:1)
  A goblin (D:1)
  A hobgoblin (D:1)
  3 kobolds (D:1)
  A frilled lizard (D:1)
  2 rats (D:1)
10 creatures vanquished.

Notes
Turn   | Place    | Note
-------+----------+-------------------------------------------
     0 | D:1      | Shard1697 the Meteoran Berserker began the quest for the
                  | Orb.
     0 | D:1      | Reached XP level 1. HP: 19/19 MP: 2/2
    60 | D:1      | Reached skill level 4 in Axes
    60 | D:1      | Reached XP level 2. HP: 23/26 MP: 3/3
   105 | D:1      | Slain by a quokka

Illustrated notes

Levels and vault maps discovered:
D:1:      eino_arrival_cavern_b, layout_basic

Skill      XL: |  1 |
---------------+----+-----
Axes           | 4 |  4.4
Fighting       | |  3.2
Armour         | |  2.4
Dodging        | |  2.4

Action                     || total
---------------------------++-------
  Melee: Hand axe          ||    44
         Punch             ||     1
 Armour: Animal skin       ||    10
  Dodge: Dodged            ||    29

Table legend: (Time is in decaauts)
 A = Elapsed time spent in this place.
 B = Non-inter-level travel time spent in this place.
 C = Inter-level travel time spent in this place.
 D = Time resting spent in this place.
 E = Time spent auto-exploring this place.
 F = Levels seen in this place.
 G = Mean time per level.
                   A        B        C        D        E       F      G
               +--------+--------+--------+--------+--------+-----+--------+
         Total |    110 |    110 |      0 |      0 |      0 |   1 |  110.0 |
       Dungeon |    110 |    110 |      0 |      0 |      0 |   1 |  110.0 |
               +--------+--------+--------+--------+--------+-----+--------+

Top non-repeatable levels by time:
     D:1: 110 daAuts
